 Dungeon Crawl Stone Soup version 0.28-a0-983-g1de4e0787c (webtiles) character file.

Game seed: 3683302960539246943

3399 pokeman the Thaumaturge (level 9, -2/48 HPs)
             Began as a Deep Elf Hedge Wizard on Dec 2, 2021.
             Was a Believer of Vehumet.
             Killed from afar by an orc wizard (8 damage)
             ... with a magic dart
             ... on level 6 of the Dungeon.
             The game lasted 00:20:04 (9183 turns).

pokeman the Thaumaturge (Deep Elf Hedge Wizard)     Turns: 9183, Time: 00:20:05

Health: -2/48      AC:  5    Str: 17    XL:     9   Next: 75%
Magic:  19/27      EV: 12    Int: 26    God:    Vehumet [**....]
Gold:   373        SH:  0    Dex: 14    Spells: 20/32 levels left

rFire   . . .      SeeInvis .   y - +3 dagger "Bavoevvi" {spect, Str+4 Int+2}
rCold   . . .      Faith    .   (no shield)
rNeg    . . .      Spirit   .   c - +0 leather armour
rPois   +          Reflect  .   t - +2 hat
rElec   .          Harm     .   n - scarf {repulsion}
rCorr   .          Rampage  .   (no gloves)
Will    .....                   (no boots)
Stlth   ++........              (no amulet)
HPRegen 0.16/turn               d - ring of poison resistance
MPRegen 0.20/turn               a - +6 ring of strength

@: on blink cooldown, very slightly contaminated, repel missiles
A: no striking features
a: Renounce Religion


You were on level 6 of the Dungeon.
You worshipped Vehumet.
Vehumet was pleased with you.
You visited 1 branch of the dungeon, and saw 6 of its levels.
You also visited: Sewer.

You collected 373 gold pieces.

Inventory:

Hand Weapons
 v - a +1 dagger of venom
 y - the +3 dagger "Bavoevvi" (weapon) {spect, Str+4 Int+2}
   (You found it on level 4 of the Dungeon)

   When its wielder attacks, the weapon's spirit leaps out and strikes again.
   The spirit shares a part of any damage it takes with its wielder.
   Str:       It affects your strength (+4).
   Int:       It affects your intelligence (+2).
 A - a +0 arbalest
 I - a +0 shortbow
Missiles
 i - 2 throwing nets
 q - 65 arrows
 G - 18 bolts
Armour
 c - a +0 leather armour (worn)
 n - a scarf of repulsion (worn)
 t - a +2 hat (worn)
 B - a +0 kite shield
Jewellery
 a - a +6 ring of strength (right hand)
 b - a ring of ice
 d - a ring of poison resistance (left hand)
 k - a ring of positive energy
Wands
 C - a wand of iceblast (3)
Scrolls
 e - 2 scrolls of silence {unknown}
 f - 3 scrolls of teleportation {unknown}
 g - a scroll of immolation {unknown}
 l - 5 scrolls of identify {unknown}
 o - 4 scrolls of fear {unknown}
 p - a scroll of acquirement {unknown}
 s - a scroll of vulnerability {unknown}
 w - a scroll of magic mapping {unknown}
 z - a scroll of noise {unknown}
 E - a scroll of blinking {unknown}
 F - a scroll of summoning {unknown}
 J - a scroll of enchant armour {unknown}
Potions
 h - a potion of heal wounds {unknown}
 j - 2 potions of curing
 m - a potion of resistance {unknown}
 r - a potion of ambrosia {unknown}
 u - 2 potions of cancellation {unknown}
 x - 2 potions of magic {unknown}
 D - a potion of brilliance
 H - a potion of berserk rage {unknown}


   Skills:
 - Level 2.0 Fighting
 + Level 2.5 Armour
 - Level 3.0 Dodging
 - Level 3.0 Stealth
 - Level 3.2 Shields
 * Level 12.1 Spellcasting
 + Level 6.7 Conjurations
 - Level 1.1 Summonings
 - Level 1.1 Translocations
 + Level 6.0 Fire Magic
 - Level 1.0 Air Magic
 - Level 1.1 Poison Magic
 - Level 1.1 Evocations


You had 20 spell levels left.
You knew the following spells:

 Your Spells              Type           Power      Damage    Failure   Level
a - Magic Dart            Conj           100%       1d8       1%          1
b - Mephitic Cloud        Conj/Pois/Air  31%        N/A       3%          3
c - Call Imp              Summ           21%        N/A       4%          2
d - Blink                 Tloc           42%        N/A       4%          2
e - Conjure Flame         Conj/Fire      49%        6-21      1%          3
f - Shock                 Conj/Air       100%       1d9       1%          1

Your spell library contained the following spells:

 Spells                   Type           Power      Damage    Failure   Level
 Slow                     Hex            60%        N/A       4%          1
 Corpse Rot               Necr/Air       36%        N/A       5%          2
 Frozen Ramparts          Ice            30%        1d5       13%         3
 Summon Ice Beast         Ice/Summ       18%        N/A       34%         4
 Dispel Undead            Necr           15%        3d10      41%         4
 Ice Form                 Ice/Tmut       15%        N/A       41%         4
 Death Channel            Necr           7%         N/A       100%        6


Dungeon Overview and Level Annotations

Branches:
Dungeon (6/15)              Sewer (visited)
 Temple: D:4-7

Altars:
Cheibriados
Okawaru
Vehumet
The Shining One

Annotations:
D:6 Menkaure


Message History

Something unseen breaks down the door.
Menkaure hits your white imp!
Your white imp hits the necrophage.
Your white imp freezes the necrophage.
The necrophage resists.
Menkaure hits your white imp!
Your white imp dies!
Your white imp disappears in a puff of smoke!
You see here a +0 ring mail.
Casting: Call Imp (safe; 4% risk of failure)
Confirm with . or Enter, or press ? or * to list all spells.
You blink.
The orc barely misses you.
The orc wizard shouts!
Menkaure is no longer moving quickly.
The orc hits you with a +0 flail.
* * * LOW HITPOINT WARNING * * *
You feel stable enough to blink again. The orc barely misses you.
You hit the orc.
You kill the orc!
Vehumet accepts your kill.
The orc wizard gestures at you while chanting.
The puff of flame is repelled.
Unknown command.
Casting: Blink (safe; 4% risk of failure)
Confirm with . or Enter, or press ? or * to list all spells.
You miscast Blink.
You are very lightly contaminated with residual magic.
Nothing appears to happen.
Menkaure mumbles a few words.
Menkaure calls on the powers of darkness!
Your body is wracked with pain!
* * * LOW HITPOINT WARNING * * *
The ogre convulses!
The orc wizard convulses!
Casting: Blink (safe; 4% risk of failure)
Confirm with . or Enter, or press ? or * to list all spells.
You blink.
The ogre closely misses you.
The necrophage hits you but does no damage.
Menkaure giggles, "These cerements are ticklish..."
Unknown command.
The orc wizard gestures at you while chanting.
The magic dart hits you!
You die...

.........#......)##....#.....#
.........#.......#.....#.....#
.........#.......#....##.....#
.........##(....##....##..)..#
.........###[..###.o####.....#
.........#########.#####.....####
..............#..!)#...#.........
..............#...M....#.........
..............#.@On....'.........
..............#...##...#[........
..............######...#.........
..............#........#.........
..............#...###'##.....####
..............#...##...#.....#...
..............#........'.....#...
..............######...#.....#...
...................#...#.....#...


You could see an ogre, a necrophage, Menkaure and an orc wizard.

Vanquished Creatures
  A two-headed ogre (D:6)
  Pikel (D:5)
  4 yaks (D:6)
  A vampire mosquito (D:6)
  Edmund (D:5)
  2 ice beasts (D:6)
  2 ogres (D:6)
  4 lemures (D:5)
  2 bullfrogs
  A scorpion (D:4)
  A howler monkey (D:4)
  2 bullfrog zombies
  5 jellies
  A centaur skeleton (D:6)
  2 hounds (D:4)
  2 bullfrog skeletons
  4 iguanas
  Natasha (thrice) (D:3)
  2 orc wizards
  A hound zombie (D:5)
  A hound skeleton (D:2)
  A howler monkey zombie (D:6)
  3 gnolls (D:5)
  A howler monkey skeleton (D:6)
  13 adders
  2 shadow imps
  A white imp (D:5)
  2 worms (D:2)
  5 dart slugs
  11 orcs
  19 endoplasms
  12 giant cockroaches
  7 hobgoblins
  14 jackals
  21 quokkas
  16 ball pythons
  7 bats
  18 frilled lizards
  5 goblins
  10 kobolds
  2 rats
213 creatures vanquished.

Vanquished Creatures (collateral kills)
  An adder (D:6)
1 creature vanquished.

Vanquished Creatures (others)
  An iguana (D:6)
  7 plants (D:1)
8 creatures vanquished.

Grand Total: 222 creatures vanquished

Notes
Turn   | Place    | Note
-------+----------+-------------------------------------------
     0 | D:1      | pokeman the Deep Elf Hedge Wizard began the quest for the
                  | Orb.
     0 | D:1      | Reached XP level 1. HP: 10/10 MP: 7/7
   374 | D:1      | Reached XP level 2. HP: 15/15 MP: 7/9
   754 | D:1      | Reached skill level 5 in Spellcasting
   949 | D:1      | Reached XP level 3. HP: 19/20 MP: 7/11
  1366 | D:1      | Reached skill level 1 in Armour
  1370 | D:1      | Learned a level 3 spell: Mephitic Cloud
  1373 | D:1      | Learned a level 2 spell: Call Imp
  1376 | D:1      | Learned a level 2 spell: Blink
  1380 | D:1      | Learned a level 3 spell: Conjure Flame
  1388 | D:1      | Found a faded altar of an unknown god.
  1656 | D:2      | Reached skill level 1 in Fighting
  1915 | D:2      | You fall into a shaft and drop 1 floor!
  1915 | D:3      | Found a snail-covered altar of Cheibriados.
  1915 | D:3      | Found a glowing golden altar of the Shining One.
  1915 | D:3      | Found an iron altar of Okawaru.
  2016 | D:3      | Reached XP level 4. HP: 8/25 MP: 7/13
  2967 | D:3      | Noticed Natasha
  2980 | D:3      | Killed Natasha
  2981 | D:3      | Reached skill level 1 in Fire Magic
  2987 | D:3      | Reached skill level 6 in Spellcasting
  2992 | D:3      | Noticed Natasha
  3180 | D:3      | Killed Natasha
  3181 | D:3      | Reached XP level 5. HP: 19/29 MP: 10/15
  3367 | D:3      | Noticed Natasha
  3375 | D:3      | Killed Natasha
  3715 | D:3      | Reached skill level 1 in Air Magic
  4426 | D:4      | Reached skill level 1 in Poison Magic
  4426 | D:4      | Reached XP level 6. HP: 34/34 MP: 13/17
  4608 | D:4      | Reached skill level 7 in Spellcasting
  4722 | D:4      | Identified the +3 dagger "Bavoevvi" {spect, Str+4 Int+2}
  5089 | D:4      | Reached XP level 7. HP: 30/39 MP: 11/20
  5746 | D:5      | Entered Level 5 of the Dungeon
  6048 | D:5      | Noticed Edmund
  6074 | D:5      | Killed Edmund
  6075 | D:5      | Reached skill level 8 in Spellcasting
  6173 | D:5      | Noticed Pikel
  6227 | D:5      | Killed Pikel
  6228 | D:5      | Reached skill level 9 in Spellcasting
  6228 | D:5      | Reached XP level 8. HP: 30/44 MP: 4/23
  7082 | D:6      | Reached skill level 5 in Conjurations
  7082 | D:6      | Reached skill level 1 in Evocations
  7154 | D:6      | Reached skill level 1 in Shields
  7185 | D:6      | Reached skill level 10 in Spellcasting
  7194 | D:6      | Found a radiant altar of Vehumet.
  7202 | D:6      | Became a worshipper of Vehumet
  7412 | D:6      | Found a glowing drain.
  7426 | Sewer    | Entered a sewer
  7531 | Sewer    | Reached * piety under Vehumet
  7531 | Sewer    | Offered knowledge of Sandblast by Vehumet.
  7974 | Sewer    | Reached XP level 9. HP: 48/48 MP: 22/25
  8002 | Sewer    | Offered knowledge of Shock by Vehumet.
  8008 | Sewer    | Learned a level 1 spell: Shock
  8213 | D:6      | Reached skill level 5 in Fire Magic
  8377 | D:6      | Reached ** piety under Vehumet
  8378 | D:6      | Reached skill level 11 in Spellcasting
  8601 | D:6      | Noticed a two-headed ogre
  8662 | D:6      | Killed a two-headed ogre
  8663 | D:6      | Reached skill level 12 in Spellcasting
  9141 | D:6      | Noticed Menkaure
  9183 | D:6      | Killed from afar by an orc wizard

Illustrated notes

Levels and vault maps discovered:
D:1:      ebering_hopf_link, layout_loops_ring, ebering_ecumenical_altar_mist,
          minmay_misc_feat_four_crosses, serial_bayou_ford_a
D:2:      layout_basic
D:3:      minmay_general_purpose_star, layout_rooms,
          chequers_temple_overflow_statue_of_worship, skrybe_limestone_x,
          chequers_serial_rivers_marsh, st_stairs_10, uniq_natasha
D:4:      kb_forest_paths, layout_basic, amethyst_killhole
D:5:      layout_basic, uniq_edmund, uniq_pikel
D:6:      minmay_opposing_rooms, layout_gridville, mainiacjoe_overflow_chevrons,
          portal_sewer_entry_f, uniq_menkaure

Skill      XL: |  1  2  3  4  5  6  7  8  9 |
---------------+----------------------------+-----
Spellcasting   | 5 6 7 9 10 12 | 12.1
Armour         | 1 2 |  2.5
Fighting       | 1 2 |  2.0
Conjurations   | 2 3 4 5 6 |  6.7
Dodging        | 3 |  3.0
Fire Magic     | 1 2 3 4 6 |  6.0
Stealth        | 3 |  3.0
Air Magic      | 1 |  1.0
Poison Magic   | 1 |  1.1
Evocations     | 1 |  1.1
Shields        | 2 3 |  3.2
Summonings     | |  1.1
Translocations | |  1.1

Action                   |  1- 3 |  4- 6 |  7- 9 || total
-------------------------+-------+-------+-------++-------
Melee: Dagger            |    37 |    29 |   110 ||   176
       Falchion          |       |    25 |       ||    25
 Cast: Magic Dart        |   111 |   135 |   178 ||   424
       Mephitic Cloud    |       |    11 |    13 ||    24
       Conjure Flame     |       |     4 |    17 ||    21
       Call Imp          |       |     1 |     1 ||     2
       Blink             |       |       |     5 ||     5
 Stab: Confused          |       |     8 |       ||     8
       Sleeping          |       |       |     1 ||     1
       Distracted        |       |       |     1 ||     1
Armor: Robe              |    10 |     3 |       ||    13
       Leather armour    |       |     5 |    17 ||    22
Dodge: Dodged            |    47 |    46 |    70 ||   163
       Repelled          |       |     1 |     1 ||     2

Table legend: (Time is in decaauts)
 A = Elapsed time spent in this place.
 B = Non-inter-level travel time spent in this place.
 C = Inter-level travel time spent in this place.
 D = Time resting spent in this place.
 E = Time spent auto-exploring this place.
 F = Levels seen in this place.
 G = Mean time per level.
                   A        B        C        D        E       F      G
               +--------+--------+--------+--------+--------+-----+--------+
         Total |   9284 |   9173 |    111 |    643 |   6889 |   7 | 1326.3 |
       Dungeon |   8548 |   8437 |    111 |    643 |   6318 |   6 | 1424.7 |
         Sewer |    735 |    735 |      0 |      0 |    570 |   1 |  735.0 |
               +--------+--------+--------+--------+--------+-----+--------+

Top non-repeatable levels by time:
     D:1: 1647 daAuts
     D:2: 1517 daAuts
     D:6: 1437 daAuts
     D:4: 1381 daAuts
     D:5: 1329 daAuts
     D:3: 1236 daAuts
   Sewer: 735 daAuts
